 Dungeon Crawl Stone Soup version 0.20-a0-339-g8ddb3e8 (webtiles) character file.

1266 Naow the Cleaver (level 8, -1/106 HPs)
             Began as a Minotaur Berserker on Dec 22, 2016.
             Was a Priest of Trog.
             Slain by a bullfrog (8 damage)
             ... on level 6 of the Dungeon.
             The game lasted 00:06:05 (3734 turns).

Naow the Cleaver (Minotaur Berserker)               Turns: 3734, Time: 00:06:06

Health: -1/106     AC:  9    Str: 27    XL:     8   Next: 27%
Magic:  7/7        EV: 12    Int:  6    God:    Trog [***...]
Gold:   381        SH:  0    Dex: 10    Spells: 7/7 levels left

rFire  . . .     SeeInvis .     a - +0 hand axe
rCold  . . .     Gourm    .     b - +0 animal skin
rNeg   . . .     Faith    .     (no shield)
rPois  .         Spirit   .     (helmet restricted)
rElec  .         Reflect  .     u - +2 cloak
rCorr  .         Harm     .     w - +2 pair of gloves
MR     .....     Rnd*Tele +     (no boots)
Stlth  ..........               (no amulet)
                                (no ring)
                                D - ring of teleportation (curse)

@: berserking, very quick
A: retaliatory headbutt, horns 2
a: Berserk, Trog's Hand, Burn Spellbooks, Renounce Religion


You were on level 6 of the Dungeon.
You worshipped Trog.
Trog was most pleased with you.
You were hungry.

You visited 1 branch of the dungeon, and saw 6 of its levels.

You collected 381 gold pieces.

Inventory:

Hand Weapons
 a - a +0 hand axe (weapon)
Missiles
 o - a throwing net (quivered)
Armour
 b - a +0 animal skin (worn)
 l - a +0 pair of gloves
 u - a +2 cloak (worn)
 w - a +2 pair of gloves (worn)
Jewellery
 D - a cursed ring of teleportation (left hand)
 F - a cursed amulet of inaccuracy {unknown}
Wands
 B - a wand of confusion (29/48)
Scrolls
 e - a scroll of magic mapping {unknown}
 f - 2 scrolls of blinking {unknown}
 i - 3 scrolls of amnesia {unknown}
 j - 4 scrolls of teleportation {unknown}
 k - 2 scrolls of recharging {unknown}
 m - 9 scrolls of identify {unknown}
 n - 4 scrolls of remove curse {unknown}
 x - a scroll of noise {unknown}
 y - a scroll of enchant armour {unknown}
 z - 2 scrolls of fear {unknown}
 C - a scroll of random uselessness {unknown}
Potions
 d - 2 potions of cancellation {unknown}
 g - 9 potions of curing {unknown}
 q - 2 potions of heal wounds {unknown}
 r - a potion of flight {unknown}
 v - a potion of lignification {unknown}
 A - a potion of mutation {unknown}
 E - a potion of brilliance {unknown}
Books
 G - a book of Maledictions

   Spells                             Type                      Level
   a - Corona                         Hexes                        1
   b - Ensorcelled Hibernation        Hexes/Ice                    2
   c - Confuse                        Hexes                        3
   d - Tukima's Dance                 Hexes                        3
   e - Dazzling Spray                 Conjuration/Hexes            3
   Trog disapproves of the use of such an item.
Comestibles
 c - 3 bread rations
 h - 3 meat rations
 p - 2 beef jerkies
 s - 2 chunks of flesh
 t - 14 fruits


   Skills:
 + Level 6.9 Fighting
 * Level 9.3 Axes
 + Level 6.4 Armour
 - Level 2.1 Dodging


You had 7 spell levels left.
You didn't know any spells.

Dungeon Overview and Level Annotations

Branches:
Dungeon (6/15)             Temple (0/1) D:4

Altars:
Elyvilon
Nemelex Xobeh
Qazlal
Yredelemnul

Shops:
D:4 *


Innate Abilities, Weirdness & Mutations

You reflexively headbutt those who attack you in melee.
You have a pair of horns on your head.


Message History

You are too injured to fight recklessly!
Unknown command.
You are too injured to fight recklessly!
You are too injured to fight recklessly!
Unknown command.
You are too injured to fight recklessly!
You are too injured to fight recklessly!
You hit the ogre. Your headbutt misses the ogre.
The ogre is lightly wounded.
You hit the ogre. Your headbutt misses the ogre.
The ogre is moderately wounded.
You closely miss the bullfrog. You slash the ogre! You headbutt the ogre.
You kill the ogre!
Trog accepts your kill.
Your life force feels restored.
You barely miss the bullfrog. The bullfrog barely misses you.
You barely miss the bullfrog. Your headbutt misses the bullfrog.
The bullfrog hits you!
You die...

....##........##
........
#..........# ......
#......†.(.# ..5.#.
#..........# ....#
#...<......# ....
............#
#S.####........##
#.))####......##
#.F@.# ###...####
##.#.## #.......#
.##....###>#..(..#
..................#
.....##..#####....>#
..... #..# #######
..... #... .....
##.. ### ..#.


You could see a bullfrog, a crimson imp and an adder.

Vanquished Creatures
  The ghost of Cirk the Basher, an amateur OgHu of Qazlal (D:4)
  An orc warrior (D:6)
  2 ogres
  2 scorpions
  A bullfrog zombie (D:5)
  A crimson imp (D:5)
  4 orc priests
  A hound (D:4)
  2 orc wizards (D:4)
  3 worker ants
  A bullfrog skeleton (D:4)
  2 iguanas (D:4)
  A hound zombie (D:4)
  A mummy (D:5)
  Robin (D:3)
  10 adders
  An ooze (D:2)
  A worm (D:2)
  4 leopard geckos
  15 orcs
  2 ball pythons
  5 bats
  5 giant cockroaches
  15 goblins
  6 hobgoblins
  3 jackals (D:1)
  3 frilled lizards (D:1)
  A hobgoblin zombie (D:5)
  6 kobolds
  2 kobold zombies (D:5)
  An orc zombie (D:5)
  4 rats
108 creatures vanquished.

Vanquished Creatures (others)
  A rat (D:2)
1 creature vanquished.

Grand Total: 109 creatures vanquished

Notes
Turn   | Place    | Note
-------+----------+-------------------------------------------
     0 | D:1      | Naow the Minotaur Berserker began the quest for the Orb.
     0 | D:1      | Reached XP level 1. HP: 19/19 MP: 0/0
   123 | D:1      | Reached XP level 2. HP: 19/27 MP: 1/1
   366 | D:1      | Reached ** piety under Trog
   366 | D:1      | Reached skill level 4 in Axes
   626 | D:2      | Reached XP level 3. HP: 33/33 MP: 2/2
   759 | D:2      | Found a stormy altar of Qazlal.
   873 | D:2      | Found a white marble altar of Elyvilon.
  1111 | D:3      | Reached XP level 4. HP: 29/40 MP: 3/3
  1155 | D:3      | Reached skill level 5 in Axes
  1197 | D:3      | Noticed Robin
  1209 | D:3      | Killed Robin
  1358 | D:3      | Reached XP level 5. HP: 33/47 MP: 4/4
  1517 | D:4      | Found Posujum's Assorted Antiques.
  1519 | D:4      | Found a sparkling altar of Nemelex Xobeh.
  1520 | D:4      | Noticed Cirk's ghost (amateur OgHu)
  1523 | D:4      | Reached *** piety under Trog
  1535 | D:4      | Killed Cirk's ghost
  1535 | D:4      | Reached skill level 5 in Fighting
  1535 | D:4      | Reached skill level 7 in Axes
  1535 | D:4      | Reached XP level 6. HP: 45/56 MP: 5/5
  1662 | D:4      | Received a gift from Trog
  1662 | D:4      | Reached skill level 5 in Armour
  1663 | D:4      | Reached XP level 7. HP: 18/62 MP: 6/6
  2028 | D:4      | Found a staircase to the Ecumenical Temple.
  2144 | D:4      | Found a basalt altar of Yredelemnul.
  2552 | D:5      | Entered Level 5 of the Dungeon
  3077 | D:5      | Reached skill level 8 in Axes
  3684 | D:6      | Reached XP level 8. HP: 71/71 MP: 7/7
  3730 | D:6      | Reached skill level 9 in Axes
  3734 | D:6      | Slain by a bullfrog

Vault maps used:
D:1:      dpeg_arrival_tiny_g
D:2:      elyvilon_altar_4, nicolae_qazlal_general_emergency
D:3:      minivault_14, hangedman_decor_growths, uniq_robin
D:4:      overflow_temple_1_default, nicolae_overflow_crystal_walls,
          serial_shops, shop, first_bread, roderic_three_in_a_row
D:5:      cheibrodos_two_vegetables, minmay_mini_ossuary
D:6:      bloody_trog, nicolae_overflow_hidden_temple, overflow_temple_1_default

Skill      XL: |  1  2  3  4  5  6  7  8 |
---------------+-------------------------+-----
Armour         | 3 4 5 6 |  6.4
Axes           | 4 5 7 8 9 |  9.3
Fighting       | 4 5 6 |  6.9
Dodging        | |  2.1

Action                   |  1- 3 |  4- 6 |  7- 9 || total
-------------------------+-------+-------+-------++-------
Melee: Hand axe          |    63 |    86 |   105 ||   254
       Headbutt          |    10 |    17 |    19 ||    46
Invok: Berserk           |       |     3 |     2 ||     5
 Stab: Sleeping          |     1 |       |       ||     1
  Eat: Chunk             |     1 |     3 |     9 ||    13
Armor: Animal skin       |    13 |    23 |    26 ||    62
Dodge: Dodged            |    32 |    54 |    50 ||   136
